 Dungeon Crawl Stone Soup version 0.30-a0-965-g42e074c17a (webtiles) character file.

Game seed: 15759802892082283364

543 cforsyth the Cudgeller (level 7, -3/57 HPs)
             Began as a Formicid Fighter on Mar 30, 2023.
             Was an Initiate of Ru.
             Slain by an ogre
             ... wielding a +0 giant spiked club
              (25 damage)
             ... on level 4 of the Dungeon.
             The game lasted 00:06:39 (4418 turns).

cforsyth the Cudgeller (Formicid Fighter)           Turns: 4418, Time: 00:06:40

Health: -3/57      AC:  7    Str: 29    XL:     7   Next: 52%
Magic:  7/7        EV:  9    Int:  7    God:    Ru [......]
Gold:   303        SH:  5    Dex: 13    Spells: 6/6 levels left

rFire   . . .      SeeInvis +    a - +0 flail
rCold   + . .      Faith    .    c - +0 buckler
rNeg    . . .      Spirit   .    b - +1 scale mail
rPois   .          Reflect  .    (helmet unavailable)
rElec   .          Rampage  .    (no cloak)
rCorr   .                        (no gloves)
Will    .....                    (no boots) Stlth
                                 (no amulet)
HPRegen 0.29/turn                o - +6 ring of strength
MPRegen 0.10/turn                j - ring of protection from cold

@: no status effects
A: permanent stasis, dig shafts and tunnels, antennae 3, four strong arms
a: Dig, Shaft Self, Renounce Religion


You were on level 4 of the Dungeon.
You worshipped Ru.
Ru was noncommittal.
You visited 2 branches of the dungeon, and saw 5 of its levels.
You also visited: Sewer.

You collected 303 gold pieces.

Inventory:

Hand Weapons
 a - a +0 flail (weapon)
Armour
 b - a +1 scale mail (worn)
 c - a +0 buckler (worn)
Jewellery
 j - a ring of protection from cold (right hand)
 n - a ring of fire
 o - a +6 ring of strength (left hand)
Wands
 f - a wand of polymorph (8)
 p - a wand of digging (3)
 r - a wand of mindburst (17)
 u - a wand of flame (32)
Scrolls
 g - a scroll of magic mapping {unknown}
 l - 2 scrolls of silence {unknown}
 m - 2 scrolls of poison
 s - 2 scrolls of amnesia {unknown}
 t - a scroll of torment {unknown}
 v - 3 scrolls of fear {unknown}
 w - a scroll of noise {unknown}
Potions
 d - 3 potions of might
 e - 2 potions of heal wounds
 h - 4 potions of flight
 i - 2 potions of lignification
 k - 7 potions of curing
 q - a potion of brilliance
 x - a potion of ambrosia {unknown}
 z - a potion of magic {unknown}


   Skills:
 + Level 5.7 Fighting
 * Level 6.4 Maces & Flails
 - Level 3.2 Armour
 - Level 4.0 Shields


You had 6 spell levels left.
You didn't know any spells.
Your spell library was empty.

Dungeon Overview and Level Annotations

Branches:
Dungeon (4/15)             Temple (1/1) D:4           Sewer (visited)

Altars:
Ashenzari
Cheibriados
Dithmenos
Elyvilon
Gozag
Hepliaklqana
Nemelex Xobeh
Qazlal
Ru
Uskayaw
Vehumet
Xom
Yredelemnul
Zin
The Shining One

Shops:
D:1 [   D:2 (


Innate Abilities, Weirdness & Mutations

You cannot be hasted, slowed, berserked, paralysed or teleported.
You can dig through walls and to a lower floor.
You have a pair of large antennae on your head. (SInv)
Your four strong arms can wield two-handed weapons with a shield.


Message History

The jackal is almost dead.
The jackal closely misses you.
You closely miss the jackal.
The jackal is almost dead.
The jackal bites you but does no damage.
You block the jackal's attack.
The ogre hits you with a +0 giant spiked club!
You hit the jackal.
You kill the jackal!
The jackal bites you.
You sock the ogre!
The ogre is moderately wounded.
The ogre hits you with a +0 giant spiked club!
The jackal bites you but does no damage.
You are too injured to fight recklessly!
You are too injured to fight recklessly!
You are too injured to fight recklessly!
You are too injured to fight recklessly!
You are too injured to fight recklessly!
You are too injured to fight recklessly!
You are too injured to fight recklessly!
You are too injured to fight recklessly!
You hit the ogre.
The ogre is heavily wounded.
The jackal bites you but does no damage.
The ogre barely misses you. You block the jackal's attack.
You hit the ogre.
The ogre is heavily wounded.
You block the jackal's attack.
The ogre hits you with a +0 giant spiked club!!
* * * LOW HITPOINT WARNING * * *
You completely miss the ogre.
The ogre is heavily wounded.
The jackal completely misses you. You block the jackal's attack.
You feel much better. The jackal bites you. The ogre barely misses you.
The jackal attacks as you move away!
The jackal bites you but does no damage.
The ogre attacks as you move away!
The ogre hits you with a +0 giant spiked club!!
You die...

#.###...........###
#.............#...)
#..........###.##.#####
#.#######..# #.##.#
..#####...###.##.#
..............##.#
.'########'..######.#####
#.......O#..# #......
#.'####@.#..# #.....#
#...h#.#..# ##.##.#
#.##h#.#..#######.##.#
#.#.#...........#.#
..#.#..#######..#.#
+####'.#..# #..#.#
.......#..# ####..#..
#######'..# #........
..........####.##..###


You could see an ogre and 2 jackals.

Vanquished Creatures
  A phantom (Temple)
  Blork the orc (D:4)
  A bullfrog (D:3)
  A hound (D:3)
  Natasha (thrice) (D:3)
  A sickly merfolk siren (Sewer)
  A malarious merfolk avatar (Sewer)
  8 adders
  2 river rats (Sewer)
  An ufetubus (D:4)
  2 dart slugs
  7 orcs
  8 ball pythons
  6 endoplasms
  2 giant cockroaches (Sewer)
  4 goblins
  8 hobgoblins
  A jackal (D:4)
  6 quokkas
  5 bats
  11 frilled lizards
  5 kobolds
  26 rats
111 creatures vanquished.

Vanquished Creatures (others)
  An adder (D:3)
1 creature vanquished.

Grand Total: 112 creatures vanquished

Notes
Turn   | Place    | Note
-------+----------+-------------------------------------------
     0 | D:1      | cforsyth the Formicid Fighter began the quest for the Orb.
     0 | D:1      | Reached XP level 1. HP: 18/18 MP: 1/1
    31 | D:1      | Found Uryax's Armour Boutique.
   237 | D:1      | Reached XP level 2. HP: 24/24 MP: 2/2
   446 | D:1      | You fall into a shaft and drop 1 floor!
   541 | D:2      | Found a white marble altar of Elyvilon.
   566 | D:2      | Reached XP level 3. HP: 29/29 MP: 3/3
   676 | D:1      | Reached skill level 3 in Maces & Flails
  1038 | D:2      | Found Caaw Vet's Antique Weapon Shop.
  1276 | D:2      | Reached XP level 4. HP: 37/37 MP: 4/4
  1509 | D:3      | Noticed a bullfrog
  1590 | D:3      | Killed a bullfrog
  1591 | D:3      | Reached skill level 4 in Maces & Flails
  1591 | D:3      | Reached XP level 5. HP: 34/43 MP: 5/5
  1598 | D:3      | Found a glowing drain.
  1626 | Sewer    | Entered a sewer
  1814 | Sewer    | Reached XP level 6. HP: 49/49 MP: 6/6
  1954 | Sewer    | Reached skill level 5 in Maces & Flails
  2475 | D:3      | Noticed Natasha
  2481 | D:3      | Killed Natasha
  2482 | D:3      | Reached skill level 5 in Fighting
  2704 | D:3      | Noticed Natasha
  2713 | D:3      | Killed Natasha
  3355 | D:3      | Noticed Natasha
  3363 | D:3      | Killed Natasha
  3781 | D:4      | Noticed an ogre
  3796 | D:3      | Reached XP level 7. HP: 56/56 MP: 7/7
  3831 | D:4      | Found a staircase to the Ecumenical Temple.
  3891 | D:4      | Noticed Blork the orc
  3900 | D:4      | Killed Blork the orc
  3901 | D:4      | Reached skill level 6 in Maces & Flails
  4058 | Temple   | Entered the Ecumenical Temple
  4112 | Temple   | Became a worshipper of Ru the Awakened
  4418 | D:4      | Slain by an ogre

Illustrated notes

Levels and vault maps discovered:
D:1:      scummos_arrival_checkerplants, layout_loops_cross, serial_shops, shop
D:2:      layout_loops_ring, serial_shops,
          nicolae_shop_competitors_out_of_business, basic_altar
D:3:      layout_loops_ring, portal_sewer_entry_d, lemuel_flame_loot_1,
          uniq_natasha
D:4:      layout_loops_ring, temple_doors_e, minivault_11, uniq_blork_the_orc,
          uniq_crazy_yiuf_cottage
Temple:   nicolae_temple_x_marks_the_god

Skill      XL: |  1  2  3  4  5  6  7 |
---------------+----------------------+-----
Maces & Flails | 3 4 5 6 |  6.4
Fighting       | 4 5 |  5.7
Armour         | |  3.2
Shields        | |  4.0

Action                     |  1- 3 |  4- 6 |  7- 9 || total
---------------------------+-------+-------+-------++-------
  Melee: Flail             |    76 |   198 |    51 ||   325
Ability: Dig               |       |     1 |       ||     1
    Use: Scroll            |       |     7 |     2 ||     9
         Potion            |       |       |     1 ||     1
 Armour: Scale mail        |    40 |    74 |    23 ||   137
  Dodge: Dodged            |    30 |    86 |    26 ||   142
  Block: Buckler           |    16 |    36 |    13 ||    65

Table legend: (Time is in decaauts)
 A = Elapsed time spent in this place.
 B = Non-inter-level travel time spent in this place.
 C = Inter-level travel time spent in this place.
 D = Time resting spent in this place.
 E = Time spent auto-exploring this place.
 F = Levels seen in this place.
 G = Mean time per level.
                   A        B        C        D        E       F      G
               +--------+--------+--------+--------+--------+-----+--------+
         Total |   4535 |   4414 |    121 |    330 |   3020 |   6 |  755.8 |
       Dungeon |   3748 |   3633 |    115 |     94 |   2785 |   4 |  937.0 |
        Temple |     62 |     56 |      6 |      0 |     36 |   1 |   62.0 |
         Sewer |    725 |    725 |      0 |    236 |    199 |   1 |  725.0 |
               +--------+--------+--------+--------+--------+-----+--------+

Top non-repeatable levels by time:
     D:3: 1751 daAuts
   Sewer: 725 daAuts
     D:2: 722 daAuts
     D:1: 689 daAuts
     D:4: 584 daAuts
  Temple: 62 daAuts
